 Dungeon Crawl Stone Soup version 0.14-a0-759-g26e2352 (webtiles) character file.

935 PolkaDot the Ruinous (level 7, -1/44 HPs)
             Began as a Vampire Wizard on Nov 9, 2013.
             Slain by a sky beast (5 damage)
             ... while paralysed by Grinder
             ... on Level 5 of the Dungeon.
             The game lasted 00:31:22 (6283 turns).

PolkaDot the Ruinous (Vampire Wizard)               Turns: 6283, Time: 00:31:23

HP  -1/44        AC  2     Str  8      XL: 7   Next: 39%
MP   3/17        EV  2     Int 31      God:
Gold 229         SH  0     Dex 18      Spells:  5 memorised,  1 level left

Res.Fire  : . . .   See Invis. : +   (no weapon)
Res.Cold  : . . .   Warding    : .   a - +0 robe
Life Prot.: + . .   Conserve   : .   (no shield)
Res.Poison: .       Res.Corr.  : .   b - +0 wizard hat (curse)
Res.Elec. : .       Clarity    : .   (no cloak)
Sust.Abil.: . .     Spirit.Shd : .   (no gloves)
Res.Mut.  : .       Stasis     : .   (no boots)
Res.Rott. : .       Flight     : .   (no amulet)
Saprovore : . . .                    r - +6 ring of dexterity
                                     i - ring "Klosor" {Hunger Str+2 Int+4}

@: paralysed, brilliant, slightly resistant to hostile enchantments, stealthy
A: bottle blood, fangs 3, see invisible, unbreathing
a: Bat Form, Bottle Blood


You were on level 5 of the Dungeon.
You were not thirsty.

You visited 1 branch of the dungeon, and saw 6 of its levels.
You also visited: Sewer.

You collected 229 gold pieces.

Inventory:

Armour
 a - a +0 robe (worn)
 b - a cursed +0 wizard hat (worn)
Scrolls
 f - a scroll of enchant weapon I
 g - 3 scrolls of teleportation
 l - 2 scrolls of blinking
 n - a scroll of remove curse {unknown}
 q - a scroll of fog
Jewellery
 i - the ring "Klosor" (left hand) {Hunger Str+2 Int+4}
   (You found it on level 4 of the Dungeon)

   [ring of hunger]

   It affects your strength (+2).
   It affects your intelligence (+4).
 r - a +6 ring of dexterity (right hand)
Potions
 d - a potion of speed
 e - 2 potions of brilliance
 h - 2 potions of curing
 k - 3 potions of flight
 m - 3 potions of might
Books
 c - a book of Minor Magic

   Spells                             Type                      Level
   *Magic Dart                        Conjuration                  1
   *Blink                             Translocation                2
   Call Imp                           Summoning                    2
   *Repel Missiles                    Charms/Air                   2
   Slow                               Hexes                        2
   *Conjure Flame                     Conjuration/Fire             3
   *Mephitic Cloud                    Conjuration/Poison/Air       3


   Skills:
 - Level 2.1 Dodging
 - Level 3.0 Stealth
 - Level 3.0 Spellcasting
 - Level 4.6 Conjurations
   Level 1.0 Summonings
 - Level 0.7 Translocations
 + Level 2.0 Fire Magic
 * Level 4.3 Air Magic


You had one spell level left.
You knew the following spells:

 Your Spells              Type           Power        Failure   Level  Hunger
a - Magic Dart            Conj           ####         1%          1    None
d - Mephitic Cloud        Conj/Pois/Air  #####...     1%          3    ###....
q - Blink                 Tloc           N/A          1%          2    #......
s - Conjure Flame         Conj/Fire      #####...     1%          3    ###....
D - Repel Missiles        Chrm/Air       #####.....   1%          2    #......


Dungeon Overview and Level Annotations

Branches:
Dungeon (6/27)
 Temple: D:4-7          Orc: D:6-11

Altars:
Elyvilon
Fedhas
Trog

Annotations:
D:5 Grinder


Innate Abilities, Weirdness & Mutations

You can bottle blood from corpses.
You have razor-sharp teeth.*
You have supernaturally acute eyesight.
You can survive without breathing.*


Message History

Confirm with . or Enter, or press ? or * to list all spells.
Okay, then.
Drink which item? (? for menu, Esc to quit)
You feel more clever all of a sudden. Grinder gestures at you.
You suddenly lose the ability to move!
Grinder gestures at you. You resist.
The sky beast hits you but does no damage.
The sky beast hits you. The sky beast shocks you.
The sky beast hits you but does no damage.
The sky beast hits you. The sky beast shocks you.
* * * LOW HITPOINT WARNING * * *
Grinder says, "There's only one good use for a tongue: cutting it out."
Grinder hits you.
* * * LOW HITPOINT WARNING * * *
The sky beast hits you.
* * * LOW HITPOINT WARNING * * *
The sky beast shocks you.
You die...

#.# #.# # # #.####.#### # ..
#.##......# # #... #.##.#.##.# #
#...#### #.##.#..#.# # #..$.I.#
#%##.#....# # #../..####
#.##.#.#########
##..(.....########.##............
..............rI@5...>..#########
##........###########.#.###
######...# #.#.%<# #...# #.#.###
##### #.#.# #.#.# #####.#.###
#......)..# #.#####)#.#


You could see Grinder, a sky beast and a rat.

Vanquished Creatures
  A gnoll shaman (D:4)
  2 orc priests (D:5)
  3 worker ants (D:4)
  4 iguanas
  A siren (Sewer)
  2 mermaids (Sewer)
  18 adders
  3 gnolls (D:5)
  A green rat (Sewer)
  A giant mite (Sewer)
  A worm (D:4)
  9 grey rats (Sewer)
  11 giant geckos
  An ooze (D:4)
  10 orcs
  3 ball pythons
  7 giant cockroaches
  12 goblins
  9 hobgoblins
  9 kobolds
  A quokka (D:3)
  7 bats
  9 giant newts
  4 jackals
  A kobold skeleton (D:4)
  20 rats
150 creatures vanquished.

Vanquished Creatures (others)
  A bat (D:3)
1 creature vanquished.

Grand Total: 151 creatures vanquished

Notes
Turn   | Place    | Note
--------------------------------------------------------------
     0 | D:1      | PolkaDot, the Vampire Wizard, began the quest for the Orb.
     0 | D:1      | Reached XP level 1. HP: 11/11 MP: 6/6
    92 | D:1      | Reached skill level 1 in Conjurations
   345 | D:2      | Reached XP level 2. HP: 17/17 MP: 2/8
  1270 | D:2      | Reached XP level 3. HP: 22/22 MP: 1/10
  1583 | D:4      | Learned a level 3 spell: Conjure Flame
  1587 | D:4      | Learned a level 3 spell: Mephitic Cloud
  1804 | D:4      | Reached XP level 4. HP: 26/28 MP: 2/12
  1837 | D:4      | Got a vibrating marble ring
  2061 | D:4      | Found a glowing drain.
  2132 | Sewer    | Entered a sewer
  2431 | Sewer    | Reached XP level 5. HP: 33/33 MP: 9/13
  2685 | Sewer    | Reached skill level 4 in Conjurations
  3172 | Sewer    | Reached XP level 6. HP: 39/39 MP: 11/15
  3299 | D:4      | Reached skill level 1 in Air Magic
  3423 | D:3      | Found a white marble altar of Elyvilon.
  3423 | D:3      | Found a blossoming altar of Fedhas.
  4164 | D:3      | Reached skill level 1 in Fire Magic
  4674 | D:3      | Identified the ring "Klosor" {Hunger Str+2 Int+4} (You found it on level 4 of the Dungeon)
  5055 | D:4      | Found a bloodstained altar of Trog.
  5059 | D:4      | Reached XP level 7. HP: 44/44 MP: 13/17
  5644 | D:5      | Entered Level 5 of the Dungeon
  5950 | D:5      | Learned a level 2 spell: Repel Missiles
  5953 | D:5      | Learned a level 2 spell: Blink
  6251 | D:5      | Noticed Grinder
  6278 | D:5      | Paralysed by Grinder for 6 turns
  6283 | D:5      | Slain by a sky beast

Action                   |  1- 3 |  4- 6 |  7- 9 || total
-------------------------+-------+-------+-------++-------
Melee: Unarmed           |     5 |    25 |    13 ||    43
 Cast: Magic Dart        |    95 |   209 |    57 ||   361
       Mephitic Cloud    |     1 |     6 |     6 ||    13
       Conjure Flame     |       |    11 |     9 ||    20
 Abil: Bottle Blood      |       |     9 |       ||     9
  Use: Potion            |     3 |    10 |     3 ||    16
       Scroll            |     5 |     3 |     3 ||    11
 Stab: Confused          |       |     2 |     1 ||     3
       Sleeping          |       |     1 |       ||     1
